 Dungeon Crawl Stone Soup version 0.27.1-1-g398f81649c (webtiles) character file.

Game seed: 17247951498483457392

39 szrap the Vexing (level 3, -8/20 HPs)
             Began as a Deep Elf Arcane Marksman on Sept 16, 2021.
             Killed by divine providence
             ... invoked by an orc priest
              (14 damage)
             ... on level 3 of the Dungeon.
             The game lasted 00:07:48 (1965 turns).

szrap the Vexing (Deep Elf Arcane Marksman)         Turns: 1965, Time: 00:07:49

Health: -8/20      AC:  3    Str:  7    XL:     3   Next: 26%
Magic:  7/8        EV: 12    Int: 18    God:
Gold:   89         SH:  0    Dex: 15    Spells: 3/6 levels left

rFire    + . .     SeeInvis .   a - +1 shortbow
rCold    . . .     Faith    .   (shield currently unavailable)
rNeg     . . .     Spirit   .   i - +0 leather armour
rPois    .         Reflect  .   (no helmet)
rElec    .         Harm     .   (no cloak)
rCorr    .         Rampage  .   (no gloves)
Will     .....                  (no boots)
Stlth    ++........             m - amulet of regeneration
HPRegen  1.06/turn              f - ring of protection from fire
MPRegen  0.11/turn              (no ring)

@: no status effects
A: no striking features
a: no special abilities


You were on level 3 of the Dungeon.
You visited 1 branch of the dungeon, and saw 3 of its levels.

You collected 89 gold pieces.

Inventory:

Hand Weapons
 a - a +1 shortbow (weapon)
 b - a +0 dagger
Missiles
 c - 33 arrows (quivered ammo)
Armour
 d - a +0 robe
 i - a +0 leather armour (worn)
 k - a +0 ring mail
Jewellery
 f - a ring of protection from fire (left hand)
 m - an amulet of regeneration (around neck)
Scrolls
 g - a scroll of amnesia
 j - a scroll of teleportation {unknown}
Potions
 e - a potion of cancellation
 h - 2 potions of heal wounds {unknown}
 l - a potion of curing {unknown}
 o - a potion of magic {unknown}


   Skills:
 * Level 1.1 Fighting
 + Level 3.5 Bows
 * Level 2.8 Dodging
 * Level 1.1 Stealth
 - Level 2.0 Spellcasting
 * Level 4.4 Hexes


You had 3 spell levels left.
You knew the following spells:

 Your Spells              Type           Power      Damage    Failure   Level
a - Corona                Hex            18%        N/A       4%          1
b - Slow                  Hex            17%        N/A       7%          2

Your spell library contained the following spells:

 Spells                   Type           Power      Damage    Failure   Level
 Inner Flame              Hex/Fire       9%         N/A       32%         3
 Portal Projectile        Hex/Tloc       18%        N/A       32%         3
 Cause Fear               Hex            8%         N/A       41%         4


Dungeon Overview and Level Annotations

Branches:
Dungeon (3/15)

Altars:

Shops:
D:2 ?[*


Message History

You hear a shout!
You hear a shout!
Fire: 38 arrows
Press: ? - help, Q - select action, (/) - cycle Shift-Dir - straight line, f/p - orc
Aim: an orc, wielding a +0 dagger, wearing a +0 scale mail and quivering boomerangs (lightly wounded, 64% to hit)
You shoot an arrow. The arrow hits the orc.
The orc is heavily wounded.
The orc throws a boomerang.
The boomerang closely misses you.
Fire: 37 arrows
Press: ? - help, Q - select action, (/) - cycle Shift-Dir - straight line, f/p - orc
Aim: an orc, wielding a +0 dagger, wearing a +0 scale mail and quivering boomerangs (heavily wounded, 64% to hit)
You shoot an arrow. The arrow hits the orc.
You kill the orc!
Casting: Slow (safe; 7% risk of failure)
Confirm with . or Enter, or press ? or * to list all spells.
Aiming: Corona (safe; 4% risk of failure)
Press: ? - help, Shift-Dir - straight line, f - orc priest
Aim: an orc priest, wielding a +0 flail (chance to affect: 54%)
The orc priest struggles to resist.
Fire: 36 arrows
Press: ? - help, Q - select action, (/) - cycle Shift-Dir - straight line, f/p - orc priest
Aim: an orc priest, wielding a +0 flail (60% to hit)
You shoot an arrow. The arrow hits the orc priest.
The orc priest is lightly wounded.
Fire: 35 arrows
Press: ? - help, Q - select action, (/) - cycle Shift-Dir - straight line, f/p - orc priest
Aim: an orc priest, wielding a +0 flail (60% to hit)
You shoot an arrow.
The arrow closely misses the orc priest.
The orc priest hits you with a +0 flail!
* * * LOW HITPOINT WARNING * * *
Fire: 34 arrows
Press: ? - help, Q - select action, (/) - cycle Shift-Dir - straight line, f/p - orc priest
Aim: an orc priest, wielding a +0 flail (60% to hit)
You shoot an arrow. The arrow hits the orc priest.
The orc priest is lightly wounded.
The orc priest calls down the wrath of Beogh upon you.
Beogh smites you!
Ouch! That really hurt!
You die...

+## #####...# ###...#oo.#
#.'...'.o.# #.#..o#.o.# ..#...#
..# ###...# .#
###..(#########################
........(.((...o@.............#
############################.##
#....# #.# #.##.###########.#
#.##.............#
#.##.############# #.####
######+#.# #........#


You could see an orc priest.

Vanquished Creatures
  3 dart slugs
  2 orcs
  2 ball pythons (D:1)
  5 bats
  2 endoplasms
  4 giant cockroaches (D:1)
  2 goblins
  3 hobgoblins
  A quokka (D:2)
  A frilled lizard (D:1)
  2 kobolds (D:2)
27 creatures vanquished.

Vanquished Creatures (others)
  A withered plant (D:1)
1 creature vanquished.

Grand Total: 28 creatures vanquished

Notes
Turn   | Place    | Note
-------+----------+-------------------------------------------
     0 | D:1      | szrap the Deep Elf Arcane Marksman began the quest for the
                  | Orb.
     0 | D:1      | Reached XP level 1. HP: 11/11 MP: 5/5
   230 | D:1      | Reached XP level 2. HP: 16/16 MP: 6/6
   606 | D:1      | Reached skill level 1 in Fighting
   833 | D:1      | Found a faded altar of an unknown god.
  1033 | D:1      | Learned a level 2 spell: Slow
  1146 | D:2      | Reached skill level 1 in Stealth
  1247 | D:2      | Reached XP level 3. HP: 20/20 MP: 6/8
  1324 | D:2      | Found Kofohoic's General Store.
  1356 | D:2      | Found Xyopp's Antique Armour Shop.
  1403 | D:2      | Found Tozxuac's Magic Scroll Shop.
  1965 | D:3      | Killed from afar by an orc priest

Illustrated notes

Levels and vault maps discovered:
D:1:      dpeg_arrival_connections, layout_rooms, shapermc_ecumenical_altar_gd
D:2:      layout_rooms, serial_shops, shop,
          nicolae_shop_competitors_out_of_business, nicolae_shop_window_shopping
D:3:      layout_basic, minivault_26, kennysheep_crisscross, saegor_snake_ambush

Skill      XL: |  1  2 |
---------------+-------+-----
Fighting       | 1 |  1.1
Bows           | 3 |  3.5
Stealth        | 1 |  1.1
Spellcasting   | 2 |  2.0
Dodging        | |  2.8
Hexes          | |  4.4

Action                   || total
-------------------------++-------
Melee: Club              ||    17
       Dagger            ||     7
 Fire: Shortbow          ||    76
 Cast: Corona            ||     3
       Slow              ||     1
  Use: Scroll            ||     7
 Stab: Sleeping          ||     1
Armor: Robe              ||     7
       Leather armour    ||     1
Dodge: Dodged            ||    28
